 Dungeon Crawl Stone Soup version 0.19.4 (webtiles) character file.

159 dngmouse the Chopper (level 5, -1/50 HPs)
             Began as a Deep Dwarf Fighter on Feb 5, 2017.
             Slain by an orc warrior
             ... wielding a +0 trident
              (15 damage)
             ... on level 3 of the Dungeon.
             The game lasted 00:09:51 (2131 turns).

dngmouse the Chopper (Deep Dwarf Fighter)           Turns: 2131, Time: 00:09:52

Health: -1/50      AC: 10    Str: 19    XL:     5   Next: 17%
Magic:  5/5        EV:  9    Int:  9    God:
Gold:   113        SH:  7    Dex: 13    Spells: 0 memorised, 4 levels left

rFire  . . .     SeeInvis .     a - +0 war axe
rCold  . . .     Gourm    .     b - +0 scale mail
rNeg   . . .     Faith    .     v - +2 buckler
rPois  .         Spirit   .     q - +0 helmet
rElec  .         Reflect  .     h - +0 cloak
rCorr  .         Harm     .     (no gloves)
MR     .....                    x - +0 pair of boots
Stlth  ..........               (no amulet)
                                (no ring)
                                (no ring)

@: non-regenerating
A: damage resistance, recharge devices, sense surroundings 1, slow regeneration
3
a: Device Recharging


You were on level 3 of the Dungeon.
You were not hungry.

You visited 1 branch of the dungeon, and saw 3 of its levels.

You collected 113 gold pieces.

Inventory:

Hand Weapons
 a - a +0 war axe (weapon)
Missiles
 o - 44 stones (quivered)
Armour
 b - a +0 scale mail (worn)
 c - a +0 shield
 h - a +0 cloak (worn)
 q - a +0 helmet (worn)
 v - a +2 buckler (worn)
 x - a +0 pair of boots (worn)
Wands
 e - a wand of heal wounds (3/9)
Scrolls
 g - a scroll of amnesia {unknown}
 i - 2 scrolls of identify {unknown}
 m - 3 scrolls of enchant weapon {unknown}
 t - a scroll of recharging {unknown}
 u - a scroll of remove curse {unknown}
Potions
 d - 2 potions of might
 j - a potion of cure mutation {unknown}
 k - 2 potions of heal wounds {unknown}
 l - a potion of haste
 n - a potion of degeneration {unknown}
 w - a potion of agility {unknown}
Comestibles
 f - a bread ration
 p - 4 chunks of flesh
 r - 3 fruits
 s - 3 beef jerkies


   Skills:
 + Level 3.9 Fighting
 * Level 4.8 Axes
 - Level 3.2 Armour
 - Level 3.4 Shields


You had 4 spell levels left.
You didn't know any spells.

Dungeon Overview and Level Annotations

Branches:
Dungeon (3/15)

Altars:
Uskayaw


Innate Abilities, Weirdness & Mutations

You are resistant to damage.
You can recharge devices by infusing magical energy.
You passively map a small area around you.
You do not regenerate.


Message History

You're too confused to move!
The orc warrior misses you.
The orc wizard hits you but does no damage.
You bump into the rock wall.
You feel less confused.
The orc wizard gestures at you while chanting.
You block the puff of flame.
The orc warrior hits you but does no damage.
You slash the orc wizard!
You kill the orc wizard!
You have reached level 5!
The orc warrior hits you from afar with a trident.
The orc warrior hits you with a trident.
Things that are here:
a dagger; a robe You closely miss the orc warrior.
The orc warrior misses you.
You hit the orc warrior but do no damage.
The orc warrior hits you with a trident!
* * * LOW HITPOINT WARNING * * *
The orc warrior hits you with a trident!
You die...

### #.# * *
#o., #o# **
####### #.#
#.....# #o#
#.###.###@# *
* #รท#
#.....#
###.#########
* **
#.......... ,
,
##.#.#######
* # * ###
#..#.# #. ,
.. ##.#.# *,#
.. *#. #.#.#
#..#.#####.
#.#.# * *
#..........


You could see an orc warrior and 2 orcs.

Vanquished Creatures
  An orc priest (D:3)
  An orc wizard (D:3)
  3 adders
  A worm (D:2)
  2 dart slugs
  5 leopard geckos
  4 orcs (D:3)
  4 giant cockroaches
  10 goblins
  6 hobgoblins
  2 jackals (D:2)
  7 kobolds
  3 ball pythons (D:2)
  4 bats
  4 frilled lizards
  8 rats
65 creatures vanquished.

Notes
Turn   | Place    | Note
-------+----------+-------------------------------------------
     0 | D:1      | dngmouse the Deep Dwarf Fighter began the quest for the Orb.
     0 | D:1      | Reached XP level 1. HP: 20/20 MP: 1/1
   128 | D:1      | Reached XP level 2. HP: 27/27 MP: 2/2
   451 | D:1      | Reached skill level 3 in Axes
   689 | D:1      | Reached XP level 3. HP: 29/34 MP: 3/3
  1413 | D:2      | Found a hide-covered altar of Uskayaw.
  1593 | D:2      | Reached XP level 4. HP: 33/42 MP: 4/4
  1800 | D:2      | Reached skill level 4 in Axes
  2108 | D:3      | Noticed an orc warrior
  2128 | D:3      | Reached XP level 5. HP: 25/50 MP: 5/5
  2131 | D:3      | Slain by an orc warrior

Skill      XL: |  1  2  3  4 |
---------------+-------------+-----
Fighting       | 3 |  3.9
Axes           | 3 4 |  4.8
Armour         | |  3.2
Shields        | |  3.4

Action                   |  1- 3 |  4- 6 || total
-------------------------+-------+-------++-------
Melee: War axe           |   138 |    79 ||   217
Throw: Stone             |    21 |       ||    21
Evoke: Wand              |       |     2 ||     2
  Eat: Chunk             |     2 |     2 ||     4
Armor: Scale mail        |    65 |    38 ||   103
Dodge: Dodged            |    32 |    21 ||    53
Block: Shield            |    71 |    29 ||   100
       Buckler           |       |     8 ||     8
